 Dungeon Crawl Stone Soup version 0.19-a0-46-g8690a2b (webtiles) character file.

9520 tyvek the Destroyer (level 11, -1/74 HPs)
             Began as a White Draconian Conjurer on May 5, 2016.
             Was a Priest of Vehumet.
             Slain by an ogre
             ... wielding a +0 giant club
              (7 damage)
             ... on level 9 of the Dungeon.
             The game lasted 00:25:42 (13243 turns).

tyvek the Destroyer (White Draconian Conjurer)     Turns: 13243, Time: 00:25:42

Health: -1/74      AC: 10    Str: 10    XL:     11   Next: 24%
Magic:  5/25       EV: 12    Int: 19    God:    Vehumet [***...]
Gold:   457        SH:  0    Dex: 12    Spells: 3 memorised, 23 levels left

rFire  . . .     SeeInvis .     y - +1 spear (freeze)
rCold  + . .     Gourm    .     (armour unavailable)
rNeg   . . .     Faith    .     (no shield)
rPois  .         Spirit   .     (helmet restricted)
rElec  .         Dismiss  .     o - +2 cloak
rCorr  .         Reflect  .     (no gloves)
SustAt .         Harm     .     (no boots)
MR     +....                    (no amulet)
Stlth  ++........               (no ring)
                                B - ring of protection from magic {MR+, !d}

@: somewhat resistant to hostile enchantments, unstealthy
A: breathe frost, unfitting armour, cold resistance 1, cold-blooded, AC +7
a: Breathe Frost, Renounce Religion


You were on level 9 of the Dungeon.
You worshipped Vehumet.
Vehumet was most pleased with you.
You were hungry.

You visited 2 branches of the dungeon, and saw 10 of its levels.

You collected 457 gold pieces.

Inventory:

Hand Weapons
 y - a +1 spear of freezing (weapon)
   (You took it off a gnoll on level 7 of the Dungeon)
 C - a +1 trident of freezing
   (You took it off an orc warrior on level 9 of the Dungeon)
 E - a +1 spear of piercing
   (You found it on level 9 of the Dungeon)
Armour
 o - a +2 cloak (worn)
   (You took it off Crazy Yiuf on level 2 of the Dungeon)
Magical Staves
 s - an uncursed staff of conjuration {!a}
   (You found it on level 6 of the Dungeon)
Jewellery
 B - a ring of protection from magic (left hand) {MR+, !d}
   (You found it on level 8 of the Dungeon)
Wands
 c - a wand of heal wounds (3/9)
   (You found it on level 6 of the Dungeon)
Scrolls
 b - a scroll of blinking {!r}
 d - 3 scrolls of teleportation
 h - 5 scrolls of magic mapping {!r}
 i - a scroll of fog {unknown}
 j - 2 scrolls of enchant armour
 k - 5 scrolls of fear
 r - 2 scrolls of recharging
 v - a scroll of noise {unknown}
 A - 4 scrolls of identify
 D - 2 scrolls of remove curse
Potions
 e - 2 potions of curing
 m - a potion of mutation {!q}
 p - 2 potions of heal wounds {unknown}
 t - 2 potions of berserk rage {!q}
 u - a potion of brilliance
 w - 2 potions of invisibility
 x - 2 potions of ambrosia
Books
 a - a book of Conjurations
 q - a book of Unlife
   (You found it on level 4 of the Dungeon)
Comestibles
 f - 7 fruits
 g - 4 meat rations {@e2}
 l - 5 bread rations {@e1}
 n - a slice of pizza
 z - 4 beef jerkies
 F - 9 chunks of flesh {@w0}


   Skills:
 - Level 1.7 Dodging
 - Level 1.7 Stealth
 + Level 10.8 Spellcasting
 + Level 11.7 Conjurations
 - Level 6.6 Charms


You had 23 spell levels left.
You knew the following spells:

 Your Spells              Type           Power        Failure   Level  Hunger
a - Magic Dart            Conj           ####         1%          1    None
b - Searing Ray           Conj           ######       1%          2    None
z - Iskenderun's Battles  Conj/Chrm      #####...     1%          5    ####...


Dungeon Overview and Level Annotations

Branches:
Dungeon (9/15)             Temple (1/1) D:7            Lair (0/8) D:8
    Orc: D:9-12

Altars:
Ashenzari
Cheibriados
Dithmenos
Elyvilon
Fedhas
Gozag
Kikubaaqudgha
Makhleb
Nemelex Xobeh
Okawaru
Pakellas
Qazlal
Ru
Sif Muna
Trog
Vehumet
Xom
Yredelemnul
Zin
The Shining One

Shops:
D:5 (   D:9 !


Innate Abilities, Weirdness & Mutations

You can breathe waves of freezing cold.
You can buffet flying creatures when you breathe cold.
Your icy white scales are hard (AC +7).
Your body does not fit into most forms of armour.
Your flesh is cold resistant.
You are cold-blooded and may be slowed by cold attacks.


Message History

Your battlesphere fires!
The barrage of energy hits the ogre.
The ogre hits your battlesphere with a giant spiked club!!
Your battlesphere is destroyed!
Aim: an ogre, wielding a giant spiked club (translocational energy, heavily wounded, fast)
The magic dart hits the ogre.
You now have 17/25 mp.
Aim: an ogre, wielding a giant spiked club (magical condensation, severely wounded, fast)
The magic dart hits the ogre.
The ogre barely misses you.
You now have 16/25 mp.
Aim: an ogre, wielding a giant club The searing ray hits the ogre.
You kill the ogre!
Vehumet accepts your kill.
A two-headed ogre comes into view.
It is wielding a dire flail and a giant club.
You now have 14/25 mp.
The searing ray hits the two-headed ogre.
The two-headed ogre hits you with a giant club! x2
You take 25 damage, and have 49/74 hp.
MASSIVE DAMAGE!!
You now have 13/25 mp.
The searing ray hits the two-headed ogre.
The two-headed ogre barely misses you.
The two-headed ogre hits you but does no damage.
The searing ray hits the two-headed ogre. x2
You hear two shouts!
An ice beast comes into view.
You now have 12/25 mp.
The ice beast moves out of view.
A two-headed ogre comes into view. It is wielding two giant clubs.
Aim: an ogre mage, wielding a club and wearing a robe (moderately wounded)
The searing ray hits the two-headed ogre.
You kill the two-headed ogre!
Vehumet accepts your kill.
You now have 10/25 mp.
The searing ray hits the ogre mage.
You now have 9/25 mp.
The searing ray hits the ogre mage.
You now have 8/25 mp.
The searing ray hits the ogre mage.
The searing ray hits the two-headed ogre.
The ogre mage gestures at you while chanting.
You resist with almost no effort.
Aim: a two-headed ogre, wielding two giant clubs The searing ray hits the ogre mage.
The ogre mage hits you with a club.
You take 3 damage, and have 48/74 hp.
You now have 6/25 mp.
The searing ray hits the ogre mage.
You kill the ogre mage!
Vehumet accepts your kill.
You now have 5/25 mp.
The searing ray hits the two-headed ogre.
You kill the two-headed ogre!
Vehumet accepts your kill.
You feel your power returning.
The searing ray hits the two-headed ogre.
The searing ray hits the ice beast.
The two-headed ogre closely misses you. x2
You now have 4/25 mp.
Aim: an ogre, wielding a giant club The searing ray hits the two-headed ogre.
The two-headed ogre barely misses you.
The two-headed ogre hits you with a giant club!
You take 7 damage, and have 41/74 hp.
You now have 3/25 mp.
The searing ray hits the two-headed ogre.
You now have 2/25 mp.
The searing ray hits the two-headed ogre.
You kill the two-headed ogre!
Vehumet accepts your kill.
Vehumet is aiding your destructive magics.
You feel your power returning.
The searing ray hits the ice beast.
You kill the ice beast!
Vehumet accepts your kill.
The searing ray hits the ogre.
You now have 2/25 mp.
Aim: an ogre, wielding a giant club (heavily wounded)
The searing ray hits the ogre.
You now have 0/25 mp.
Without enough magic to sustain it, your searing ray dissipates.
The ogre hits you with a giant club!!
You take 19 damage, and have 23/74 hp.
MASSIVE DAMAGE!!
There is an escape hatch in the floor here.
The ogre hits you with a giant club!!
* * * LOW HITPOINT WARNING * * *
You take 22 damage, and have 2/74 hp.
MASSIVE DAMAGE!!
Items here: ))) ÷ a giant spiked club x2; a giant club; a two-headed ogre skeleton
Items here: ))))))))) ÷ What do you say? t - Shout!
Orders for allies: a - Attack new target. p - Attack previous target. r - Retreat! s - Stop attacking. w - Wait here. f - Follow me.
Anything else - Stay silent.
Okay, then.
An ogre comes into view. It is wielding a giant club.
The ogre shouts!
The ogre hits you with a giant club!
You die...

##.#.#.# ## #.## #...## ...#.#.#
#### ##.# #.#.## .#.....# ##..##
#.####.#.## ...#.#.#
#.##.####.#....#..# ##.#.#.####
##.###.)).##.#####..
.......##.####..########.........
......##...#...O.# #..........
.#....#....).....## #..........
.....##.#...)...@.## #..#####.#.
##.#.#..##.....O...# #..#####...
#.#.#..##.........####.........<
#.#.#.####..........##.########.
#.#.#.#####..........#..........
#.#......###.#.#...###..#######.
#.######.# ###.##.####..### #.
##.######.#####.......<....#####.
.................................


You could see 2 ogres.

Vanquished Creatures
  An ogre mage (D:9)
  The ghost of gressup the Twirler, a novice DEBe of Trog (D:7)
  6 two-headed ogres (D:9)
  Prince Ribbit (D:5)
  Sigmund (D:3)
  4 yaks (D:9)
  3 hippogriffs
  A hungry ghost (D:9)
  Menkaure (D:6)
  A water moccasin (D:6)
  Duvessa (D:6)
  2 black bears (D:6)
  3 sky beasts
  6 ice beasts
  14 ogres
  An orc warrior (D:9)
  2 phantoms (D:9)
  6 centaurs
  13 big kobolds
  2 giant frogs
  A gnoll sergeant (D:7)
  4 jellies
  3 scorpions
  Dowan (D:6)
  A crimson imp (D:7)
  A quasit (D:5)
  A centaur zombie (D:7)
  A centaur skeleton (D:6)
  A giant frog skeleton (D:7)
  Crazy Yiuf (D:2)
  7 orc priests
  A two-headed ogre zombie (D:9)
  Jessica (D:2)
  6 iguanas
  6 orc wizards
  Natasha (thrice) (D:3)
  Ijyb (D:3)
  An ogre zombie (D:9)
  Robin (D:2)
  4 gnolls (D:7)
  7 adders
  A river rat (D:8)
  A shadow imp (D:7)
  An ooze (D:1)
  An adder skeleton (D:7)
  5 worms
  2 dart slugs
  8 giant geckos
  9 orcs
  6 giant cockroaches
  16 goblins
  7 hobgoblins
  2 jackals (D:9)
  3 quokkas
  12 bats
  A giant cockroach zombie (D:5)
  A giant gecko skeleton (D:8)
  A giant gecko zombie (D:6)
  12 giant newts
  2 jackal skeletons
  30 kobolds
  6 quokka skeletons
  A quokka zombie (D:5)
  11 rats
262 creatures vanquished.

Vanquished Creatures (others)
  A fungus (D:8)
1 creature vanquished.

Grand Total: 263 creatures vanquished

Notes
Turn   | Place    | Note
--------------------------------------------------------------
     0 | D:1      | tyvek the Draconian Conjurer began the quest for the Orb.
     0 | D:1      | Reached XP level 1. HP: 14/14 MP: 3/3
   207 | D:1      | Reached XP level 2. HP: 20/20 MP: 0/5
   714 | D:1      | Learned a level 2 spell: Searing Ray
  1226 | D:1      | Reached skill level 3 in Spellcasting
  1533 | D:2      | Noticed Jessica
  1550 | D:2      | Killed Jessica
  1550 | D:2      | Reached XP level 3. HP: 25/26 MP: 2/7
  1700 | D:2      | Noticed Robin
  1869 | D:2      | Reached XP level 4. HP: 33/33 MP: 6/9
  1873 | D:2      | Killed Robin
  2636 | D:2      | Noticed Crazy Yiuf
  2642 | D:2      | Killed Crazy Yiuf
  2642 | D:2      | Reached skill level 4 in Spellcasting
  2743 | D:2      | Found a shimmering altar of Xom.
  2757 | D:2      | Found a white marble altar of Elyvilon.
  2778 | D:2      | Found a deep blue altar of Sif Muna.
  2924 | D:2      | Found a shadowy altar of Dithmenos.
  3011 | D:3      | Reached XP level 5. HP: 35/38 MP: 6/11
  3167 | D:3      | Noticed Natasha
  3176 | D:3      | Killed Natasha
  3176 | D:3      | Reached skill level 5 in Conjurations
  3253 | D:3      | Noticed Natasha
  3262 | D:3      | Killed Natasha
  3534 | D:3      | Noticed Ijyb
  3542 | D:3      | Killed Ijyb
  3630 | D:3      | Learned a level 5 spell: Iskenderun's Battlesphere
  3704 | D:3      | Noticed Natasha
  3706 | D:3      | Killed Natasha
  3779 | D:3      | Noticed Sigmund
  3801 | D:3      | Killed Sigmund
  3801 | D:3      | Reached skill level 5 in Spellcasting
  3801 | D:3      | Reached skill level 1 in Charms
  3801 | D:3      | Reached XP level 6. HP: 45/45 MP: 2/13
  4423 | D:4      | Reached skill level 2 in Charms
  4499 | D:4      | Noticed a hippogriff
  4508 | D:4      | Killed a hippogriff
  4508 | D:4      | Your scales start taking on an icy white colour.
  4508 | D:4      | Reached XP level 7. HP: 34/50 MP: 6/15
  4508 | D:4      | Gained mutation: Your flesh is cold resistant. [White Draconian growth]
  4667 | D:4      | Reached skill level 6 in Conjurations
  5244 | D:4      | Reached skill level 3 in Charms
  5491 | D:5      | Entered Level 5 of the Dungeon
  5514 | D:5      | Noticed Prince Ribbit
  5542 | D:5      | Killed Prince Ribbit
  5542 | D:5      | Reached skill level 6 in Spellcasting
  5542 | D:5      | Reached XP level 8. HP: 53/57 MP: 0/17
  5932 | D:5      | Reached skill level 4 in Charms
  6226 | D:5      | Reached skill level 7 in Conjurations
  6475 | D:5      | Found Orphigyc's Weapon Shop.
  6922 | D:6      | Reached skill level 5 in Charms
  6923 | D:6      | Reached skill level 7 in Spellcasting
  7056 | D:6      | Noticed Menkaure
  7059 | D:6      | HP: 7/57 [Menkaure/nerve-wracking pain (10)]
  7063 | D:6      | Killed Menkaure
  7063 | D:6      | Reached XP level 9. HP: 12/62 MP: 6/19
  7186 | D:6      | Reached skill level 8 in Conjurations
  7248 | D:6      | HP: 14/62 [centaur/arrow (16)]
  7252 | D:6      | HP: 6/62 [centaur (1)]
  7593 | D:6      | Found a bloodstained altar of Trog.
  7593 | D:6      | Noticed Dowan
  7596 | D:6      | Noticed Duvessa
  7597 | D:6      | Killed Dowan
  7604 | D:6      | Killed Duvessa
  7779 | D:6      | Found a bloodstained altar of Trog.
  7833 | D:6      | You fall through a shaft!
  7878 | D:7      | Reached skill level 6 in Charms
  7881 | D:7      | Noticed gressup's ghost (novice DEBe)
  8455 | D:7      | Found a staircase to the Ecumenical Temple.
  8481 | Temple   | Entered the Ecumenical Temple
  8602 | D:7      | Killed gressup's ghost
  8602 | D:7      | Reached skill level 8 in Spellcasting
  8602 | D:7      | Reached skill level 9 in Conjurations
  9279 | D:7      | Found a radiant altar of Vehumet.
  9336 | D:7      | Became a worshipper of Vehumet
  9496 | D:7      | Reached XP level 10. HP: 69/69 MP: 13/22
 10214 | D:8      | Reached * piety under Vehumet
 10214 | D:8      | Offered knowledge of Freeze by Vehumet.
 10242 | D:8      | Found a staircase to the Lair.
 10417 | D:8      | Found a burning altar of Makhleb.
 10544 | D:8      | Reached skill level 9 in Spellcasting
 10594 | D:8      | Reached skill level 10 in Conjurations
 10936 | D:9      | Found Vimibut's Distillery.
 11039 | D:9      | Found a blossoming altar of Fedhas.
 11040 | D:9      | Found a stormy altar of Qazlal.
 11685 | D:9      | HP: 12/69 [orc warrior/trident of freezing (14)]
 11764 | D:9      | Reached ** piety under Vehumet
 11764 | D:9      | Offered knowledge of Sting by Vehumet.
 12398 | D:9      | Reached skill level 10 in Spellcasting
 12433 | D:9      | HP: 14/69 [ogre/giant club (13)]
 12933 | D:9      | Reached skill level 11 in Conjurations
 13040 | D:9      | Offered knowledge of Stone Arrow by Vehumet.
 13064 | D:9      | Reached XP level 11. HP: 57/74 MP: 12/25
 13196 | D:9      | Noticed an ogre mage
 13213 | D:9      | Killed an ogre mage
 13218 | D:9      | Reached *** piety under Vehumet
 13226 | D:9      | HP: 2/74 [ogre/giant club (22)]
 13243 | D:9      | Slain by an ogre

Vault maps used:
D:1:      matt_arrival_diagonals, serial_forest, infiniplex_forest_lined_room_,
          infiniplex_forest_straight_4, infiniplex_forest_clump_C,
          infiniplex_forest_straight_2, infiniplex_forest_straight_1,
          infiniplex_forest_join, infiniplex_forest_end_1,
          infiniplex_forest_lined_corner, infiniplex_forest_clump_medium,
          infiniplex_forest_clump_curved, roderic_bipointed_swastika,
          st_stairs_14
D:2:      nicolae_overflow_quartered_altars, first_bread, uniq_robin,
          uniq_crazy_yiuf_cottage, uniq_jessica
D:3:      kennysheep_crisscross, uniq_iyjb, uniq_natasha, uniq_sigmund
D:4:      minmay_lizard_king
D:5:      minmay_opposing_rooms, serial_shops, kennysheep_mini,
          uniq_prince_ribbit1
D:6:      trog_ov_bears_minmay, basic_altar, uniq_duvessa, uniq_menkaure
D:7:      vehumet_altar_wand_db, minmay_temple_entry_grid, supply_closet_lemuel,
          grunt_ogre_cave
D:8:      due_lair_maze_entry_diamond, special_room, basic_altar
D:9:      lemuel_ogre_cave, grunt_temple_overflow_forces_of_nature,
          serial_shops, nicolae_shop_stone, minmay_misc_feat_iff, uniq_joseph
Temple:   zaba_magenta_temple_12

Skill      XL: |  1  2  3  4  5  6  7  8  9 10 |
---------------+-------------------------------+-----
Spellcasting   | 3 4 5 6 7 8 10 | 10.8
Conjurations   | 5 6 7 9 11 | 11.7
Charms         | 1 2 3 5 6 |  6.6
Dodging        | |  1.7
Stealth        | |  1.7

Action                   |  1- 3 |  4- 6 |  7- 9 | 10-12 || total
-------------------------+-------+-------+-------+-------++-------
Melee: Unarmed           |     5 |       |       |       ||     5
       Tailslap          |     3 |       |     1 |     5 ||     9
       Dagger            |     5 |     9 |    11 |       ||    25
       Spear             |       |       |       |    73 ||    73
 Cast: Magic Dart        |    58 |    67 |   129 |   160 ||   414
       Searing Ray       |     4 |    21 |    46 |    46 ||   117
       Iskenderun's Batt |       |       |    10 |    11 ||    21
 Abil: Breathe Frost     |       |       |     5 |     1 ||     6
  Use: Potion            |       |     3 |     2 |       ||     5
       Scroll            |       |     8 |     7 |     2 ||    17
  Eat: Bread ration      |     1 |     1 |     1 |     1 ||     4
       Fruit             |     1 |       |       |       ||     1
       Chunk             |       |     5 |     7 |     8 ||    20
       Beef jerky        |       |       |     2 |     2 ||     4
Armor: Skin              |     5 |    18 |    46 |    52 ||   121
Dodge: Dodged            |    21 |    20 |    91 |    88 ||   220

Vault maps used:
D:1:      matt_arrival_diagonals, serial_forest, infiniplex_forest_lined_room_,
          infiniplex_forest_straight_4, infiniplex_forest_clump_C,
          infiniplex_forest_straight_2, infiniplex_forest_straight_1,
          infiniplex_forest_join, infiniplex_forest_end_1,
          infiniplex_forest_lined_corner, infiniplex_forest_clump_medium,
          infiniplex_forest_clump_curved, roderic_bipointed_swastika,
          st_stairs_14
D:2:      nicolae_overflow_quartered_altars, first_bread, uniq_robin,
          uniq_crazy_yiuf_cottage, uniq_jessica
D:3:      kennysheep_crisscross, uniq_iyjb, uniq_natasha, uniq_sigmund
D:4:      minmay_lizard_king
D:5:      minmay_opposing_rooms, serial_shops, kennysheep_mini,
          uniq_prince_ribbit1
D:6:      trog_ov_bears_minmay, basic_altar, uniq_duvessa, uniq_menkaure
D:7:      vehumet_altar_wand_db, minmay_temple_entry_grid, supply_closet_lemuel,
          grunt_ogre_cave
D:8:      due_lair_maze_entry_diamond, special_room, basic_altar
D:9:      lemuel_ogre_cave, grunt_temple_overflow_forces_of_nature,
          serial_shops, nicolae_shop_stone, minmay_misc_feat_iff, uniq_joseph
Temple:   zaba_magenta_temple_12

Table legend:
 A = Turns spent in this place as a percentage of turns spent in the entire game.
 B = Non-inter-level travel turns spent in this place as a percentage of non-inter-level travel turns spent in the entire game.
 C = Inter-level travel turns spent in this place as a percentage of turns spent in this place.
 D = Turns resting spent in this place as a percentage of non-inter-level travel turns spent in this place.
 E = Turns spent auto-exploring this place as a percentage of non-inter-level travel turns spent in this place.
 F = Non-inter-level travel turns spent in this place divided by the number of levels of this place that you've seen.
                   A       B       C       D       E      F
               +-------+-------+-------+-------+-------+----------------------
         Total | 100.0 | 100.0 |   0.4 |  11.3 |  11.2 | 278.9
       Dungeon |  99.6 |  99.6 |   0.3 |  11.3 |  10.9 | 308.7
        Temple |   0.4 |   0.4 |   8.3 |   0.0 |  90.9 |  11.0
               +-------+-------+-------+-------+-------+----------------------

Table legend:
 A = Kills in this place as a percentage of kills in entire the game.
 B = Kills by you in this place as a percentage of kills by you in the entire game.
 C = Kills by friends in this place as a percentage of kills by friends in the entire game.
 D = Other kills in this place as a percentage of other kills in the entire game.
 E = Experience gained in this place as a percentage of experience gained in the entire game.
 F = Experience gained in this place divided by the number of levels of this place that you have seen.
                   A       B       C       D       E      F
               +-------+-------+-------+-------+-------+----------------------
         Total | 100.0 | 100.0 |  -nan |  -nan | 100.0 | 1360.1
       Dungeon | 100.0 | 100.0 |  -nan |  -nan | 100.0 | 1511.2
               +-------+-------+-------+-------+-------+----------------------
